 Dungeon Crawl Stone Soup version 0.29-a0-1019-g84f7d21838 (webtiles) character file.

Game seed: 5807764117407156040

12645 IdlyInterested the Slicer (level 11, -37/71 HPs)
             Began as a Demonspawn Monk on Aug 10, 2022.
             Was a Priest of Hepliaklqana.
             Killed by an exploding gargoyle (57 damage)
             ... ignited by their inner flame
             ... on level 10 of the Dungeon.
             The game lasted 00:45:21 (9546 turns).

IdlyInterested the Slicer (Demonspawn Monk)         Turns: 9546, Time: 00:45:22

Health: -37/71     AC: 16    Str: 16    XL:     11   Next: 65%
Magic:  18/18      EV: 11    Int: 16    God:    Hepliaklqana [***...]
Gold:   283        SH: 13    Dex: 19    Spells: 20/20 levels left

rFire   x . .      SeeInvis +   M - +6 short sword "Fenell" {drain, rPois rF- rCorr Stlth-}
rCold   + + .      Faith    .   L - +0 tower shield
rNeg    + . .      Spirit   .   K - +0 steam dragon scales
rPois   +          Reflect  .   (helmet restricted)
rElec   .          Harm     .   H - +0 cloak
rCorr   +          Rampage  .   F - +2 pair of gloves
Will    .....                   r - +2 pair of boots {Fly}
Stlth   +++++.....              b - amulet of regeneration
HPRegen 1.01/turn               w - ring of Serusim {Contam rC+ rN+ rCorr Str+4}
MPRegen 0.32/turn               D - ring of Qoih {Dex+4 SInv Stlth+}

@: flying, slowed, very slow
A: reduced essence, horns 2, icy blue scales 3, ignite blood 1, magic
regeneration
a: Renounce Religion, Recall Ancestor, Ancestor Identity, Transference


You were on level 10 of the Dungeon.
You worshipped Hepliaklqana.
Hepliaklqana was most pleased with you.
You visited 2 branches of the dungeon, and saw 11 of its levels.

You collected 683 gold pieces.
You spent 400 gold pieces at shops.

Inventory:

Hand Weapons
 c - a +0 rapier
 f - a +1 dagger of venom
 q - a +3 dagger of freezing
 u - a +1 dagger of speed
 M - the +6 short sword "Fenell" (weapon) {drain, rPois rF- rCorr Stlth-}
   (You bought it in a shop on level 7 of the Dungeon)

   A truly terrible weapon, it drains the life of any living foe it strikes.
   rF:        It makes you vulnerable to fire.
   rPois:     It protects you from poison.
   rCorr:     It protects you from acid and corrosion.
   Stlth:     It makes you less stealthy.
 U - a +5 dagger
Missiles
 j - 16 poisoned darts (quivered)
 o - a curare-tipped dart
 s - 16 boomerangs
 V - 3 datura-tipped darts
Armour
 k - a +2 robe of cold resistance
 r - a +2 pair of boots of flying (worn)
 E - a +1 leather armour of positive energy
 F - a +2 pair of gloves (worn)
 G - a +0 kite shield
 H - a +0 cloak (worn)
 K - +0 steam dragon scales (worn)
 L - a +0 tower shield (worn)
 S - a +1 robe of fire resistance
Magical Staves
 Q - a staff of conjuration
 R - a staff of fire
Jewellery
 b - an amulet of regeneration (around neck)
 w - the ring of Serusim (left hand) {Contam rC+ rN+ rCorr Str+4}
   (You found it on level 4 of the Dungeon)

   [ring of protection from cold]

   Str:       It affects your strength (+4).
   rC:        It protects you from cold.
   rN:        It protects you from negative energy.
   Contam:    It causes magical contamination when unequipped.
   rCorr:     It protects you from acid and corrosion.
 D - the ring of Qoih (right hand) {Dex+4 SInv Stlth+}
   (You took it off an orc on level 8 of the Dungeon)

   [ring of see invisible]

   Dex:       It affects your dexterity (+4).
   SInv:      It lets you see invisible.
   Stlth:     It makes you more stealthy.
 P - an amulet of reflection
 T - a ring of fire
Wands
 n - a wand of flame (15)
 x - a wand of digging (10)
 C - a wand of charming (23)
Scrolls
 a - a scroll of magic mapping
 d - 2 scrolls of amnesia
 i - 2 scrolls of fear
 l - 5 scrolls of immolation
 p - a scroll of butterflies
 v - 2 scrolls of blinking
 y - 2 scrolls of poison
 I - 4 scrolls of teleportation
 N - a scroll of identify
 O - a scroll of enchant weapon
Potions
 e - a potion of haste
 g - 2 potions of attraction
 h - a potion of heal wounds
 m - 2 potions of resistance
 t - 3 potions of lignification
 z - 2 potions of invisibility
 A - 5 potions of brilliance
 B - 2 potions of curing
 J - a potion of ambrosia
 W - a potion of mutation {unknown}


   Skills:
 + Level 5.1 Fighting
 + Level 13.5 Short Blades
 - Level 1.0 Throwing
 - Level 1.0 Armour
 - Level 5.0 Dodging
 + Level 11.8 Stealth
 - Level 2.0 Shields
 - Level 5.0 Spellcasting
 - Level 5.0 Invocations
 - Level 2.0 Evocations


You had 20 spell levels left.
You didn't know any spells.
Your spell library contained the following spells:

 Spells                   Type           Power      Damage    Failure   Level
 Necrotise                Necr           16%        1d4       92%         1
 Summon Small Mammal      Summ           16%        N/A       92%         1
 Call Canine Familiar     Summ           4%         N/A       100%        3
 Frozen Ramparts          Ice            8%         1d2       100%        3
 Summon Guardian Golem    Hex/Summ       4%         N/A       100%        3
 Vampiric Draining        Necr           4%         2d6       100%        3
 Ice Form                 Ice/Tmut       4%         N/A       100%        4
 Summon Ice Beast         Ice/Summ       4%         N/A       100%        4
 Agony                    Necr           4%         N/A       100%        5
 Summon Forest            Summ/Tloc      2%         N/A       100%        5
 Eringya's Noxious Bog    Tmut/Pois      2%         N/A       100%        6
 Summon Hydra             Summ           2%         N/A       100%        7


Dungeon Overview and Level Annotations

Branches:
Dungeon (10/15)            Temple (1/1) D:5            Lair (0/5) D:9
    Orc: D:9-12

Altars:
Ashenzari
Cheibriados
Dithmenos
Fedhas
Gozag
Hepliaklqana
Kikubaaqudgha
Makhleb
Nemelex Xobeh
Okawaru
Qazlal
Ru
Sif Muna
Trog
Uskayaw
Vehumet
Wu Jian
Xom
Yredelemnul

Shops:
D:7 (


Innate Abilities, Weirdness & Mutations

Your life essence is reduced to manifest your ancestor. (-10% HP)
You have a pair of horns on your head.
You are completely covered in icy blue scales. (AC +4, rC+)
Your demonic aura sometimes causes spilled blood to erupt in flames.
You regenerate magic rapidly.


Message History

Zorana hits the gargoyle with a +0 dagger of draining.
You hit the gargoyle but do no damage.
You headbutt the gargoyle, but do no damage.
The gargoyle is moderately damaged.
You block the hornet's attack.
The howler monkey hits Zorana!
Zorana casts a spell at the howler monkey.
The howler monkey appears confused.
You block the wraith's attack.
The hornet stings you but does no damage.
The gargoyle barely misses you.
The howler monkey closely misses the shadow.
Zorana hits the howler monkey with a +0 dagger of draining!
The wraith hits you. The hornet completely misses you.
The gargoyle hurls a stone arrow at you.
The stone arrow misses you.
Okay, then.
Really read the scroll of immolation?
As you read the scroll of immolation, it crumbles to dust.
The creatures around you are filled with an inner flame!
The howler monkey is engulfed in blazing flames.
The howler monkey explodes!
Zorana avoids your attack.
The fiery explosion engulfs the hornet!!!
The fiery explosion engulfs the shadow!
Flame seeps out of the shadow.
The shadow is moderately damaged.
The hornet explodes!
The fiery explosion engulfs you!!! The fire burns you terribly!
Ouch! That really hurt!
* * * LOW HITPOINT WARNING * * *
Zorana avoids your attack.
The fiery explosion engulfs the shadow!
Flame seeps out of the shadow.
The shadow is almost destroyed.
The fiery explosion engulfs the gargoyle!!
The fiery explosion engulfs the two-headed ogre!!
Flame seeps out of the two-headed ogre.
The two-headed ogre is heavily wounded.
The gargoyle explodes!
Zorana avoids your attack. The fiery explosion engulfs you!!!
The fire burns you terribly!
Ouch! That really hurt!
You die...

.#......###.#####.##[y##..#)#
###
.........#.##...'#K.().#..#.#
...........#.....##c...#.....
...........#.....###h.##..##
# .....).....#..[..o.####.
...........##...##§.....
............#####°§...#
.............)..R§W#
.........#)..)..@§O#
.##.....##....)..W§#
##########.........#
#.........# #.........#
###########


You could see the friendly Zorana the hexer (inner flame), a two-headed ogre
(inner flame), a kobold demonologist, a wraith (inner flame), a shadow (inner
flame, invisible), a centaur, a howler monkey and an orc wizard.

Vanquished Creatures
  An ogre mage (D:9)
  A two-headed ogre (D:10)
  A tengu warrior (D:8)
  Pikel (D:9)
  A gargoyle (D:10)
  Maggie (D:7)
  A kobold demonologist (D:10)
  2 trolls
  A hornet (D:10)
  14 yaks
  3 steam dragons
  Eustachio (D:6)
  4 vampire mosquitoes (D:10)
  The ghost of SirDiesAlot the Conjurer, an amateur DsCj (D:4)
  4 water moccasins
  Duvessa (D:5)
  3 orc warriors
  2 ogres (D:5)
  4 phantoms
  A kobold brigand (D:7)
  2 bullfrogs
  3 scorpions
  12 wights
  A water moccasin zombie (D:4)
  Dowan (D:5)
  10 killer bees
  9 howler monkeys
  3 jellies
  2 hounds (D:5)
  A gnoll bouda (D:6)
  3 orc priests
  An iguana (D:4)
  7 orc wizards
  Robin (D:2)
  10 gnolls
  4 adders
  4 white imps
  An ufetubus (D:7)
  A dart slug (D:4)
  33 orcs
  6 bats
  4 endoplasms
  17 goblins
  5 hobgoblins
  4 quokkas
  7 ball pythons
  4 frilled lizards
  6 kobolds
  4 rats
214 creatures vanquished.

Vanquished Creatures (collateral kills)
  A two-headed ogre (D:10)
  A gargoyle (D:8)
  Psyche (D:8)
  A hornet (D:8)
  A vampire (D:8)
  3 yaks
  An acid dragon (D:10)
  A centaur (D:10)
  A bullfrog (D:7)
  A wight (D:9)
  4 killer bees
  A bullfrog skeleton (D:4)
  A gnoll bouda (D:8)
  6 gnolls
  A shadow imp (D:7)
  A white imp (D:7)
  7 orcs
  A kobold (D:7)
34 creatures vanquished.

Vanquished Creatures (others)
  A sky beast (D:7)
  A gnoll sergeant (D:5)
  A wight (D:10)
  A hexer (D:10)
4 creatures vanquished.

Grand Total: 252 creatures vanquished

Notes
Turn   | Place    | Note
-------+----------+-------------------------------------------
     0 | D:1      | IdlyInterested the Demonspawn Monk began the quest for the
                  | Orb.
     0 | D:1      | Reached XP level 1. HP: 18/18 MP: 1/1
   315 | D:1      | Gained mutation: You are partially covered in icy blue
                  | scales. (AC +2) [demonic ancestry]
   315 | D:1      | Reached XP level 2. HP: 23/24 MP: 2/2
   496 | D:1      | Found a faded altar of an unknown god.
  1397 | D:2      | Identified a scroll of acquirement
  1397 | D:2      | Acquired a manual of Short Blades
  1589 | D:2      | Reached skill level 3 in Short Blades
  1687 | D:2      | Noticed Robin
  1703 | D:2      | Gained mutation: You are mostly covered in icy blue scales.
                  | (AC +3) [demonic ancestry]
  1703 | D:2      | Reached XP level 3. HP: 29/29 MP: 3/3
  1722 | D:2      | Killed Robin
  2249 | D:3      | Reached skill level 1 in Throwing
  2249 | D:3      | Reached XP level 4. HP: 35/35 MP: 4/4
  2756 | D:4      | Noticed a scorpion
  2770 | D:4      | Killed a scorpion
  2771 | D:4      | Reached skill level 4 in Short Blades
  2771 | D:4      | Reached skill level 1 in Spellcasting
  2771 | D:4      | Gained mutation: You are completely covered in icy blue
                  | scales. (AC +4, rC+) [demonic ancestry]
  2771 | D:4      | Reached XP level 5. HP: 28/41 MP: 4/6
  2939 | D:4      | Noticed SirDiesAlot's ghost (amateur DsCj)
  2940 | D:4      | Found a transporter.
  2942 | D:4      | Found a transporter.
  2962 | D:4      | Identified the ring of Serusim {Contam rC+ rN+ rCorr Str+4}
  3037 | D:4      | Found an ancient bone altar of Kikubaaqudgha.
  3266 | D:4      | Reached skill level 1 in Evocations
  3347 | D:4      | Killed SirDiesAlot's ghost
  3348 | D:4      | Reached skill level 1 in Armour
  3348 | D:4      | Reached skill level 5 in Stealth
  3348 | D:4      | Gained mutation: You have a pair of small horns on your
                  | head. [demonic ancestry]
  3348 | D:4      | Reached XP level 6. HP: 47/47 MP: 7/7
  3354 | D:4      | Reached skill level 5 in Short Blades
  3429 | D:5      | Entered Level 5 of the Dungeon
  3622 | D:5      | Gained mutation: You have a pair of horns on your head.
                  | [demonic ancestry]
  3622 | D:5      | Reached XP level 7. HP: 48/52 MP: 7/9
  3957 | D:5      | Reached skill level 6 in Short Blades
  4132 | D:5      | Found a staircase to the Ecumenical Temple.
  4143 | Temple   | Entered the Ecumenical Temple
  4143 | Temple   | Found a transporter.
  4143 | Temple   | Found a transporter.
  4145 | Temple   | Found a transporter.
  4145 | Temple   | Found a transporter.
  4223 | D:5      | Noticed Dowan
  4223 | D:5      | Noticed Duvessa
  4238 | D:5      | Killed Dowan
  4300 | D:5      | Killed Duvessa
  4308 | D:5      | Reached XP level 8. HP: 49/58 MP: 10/12
  4879 | D:6      | Reached skill level 7 in Short Blades
  4925 | D:6      | Found a sacrificial altar of Ru.
  5101 | D:6      | Noticed Eustachio
  5118 | D:6      | Killed Eustachio
  5316 | D:6      | Reached skill level 8 in Short Blades
  5403 | D:6      | Gained mutation: You regenerate magic rapidly. [demonic
                  | ancestry]
  5403 | D:6      | Reached XP level 9. HP: 65/65 MP: 12/14
  5504 | D:6      | Found a faded altar of an unknown god.
  5506 | D:6      | Found a hazy altar of Hepliaklqana.
  5510 | D:6      | Became a worshipper of Hepliaklqana the Forgotten
  5510 | D:6      | Reached * piety under Hepliaklqana
  5510 | D:6      | Reached ** piety under Hepliaklqana
  6042 | D:7      | Noticed Maggie
  6045 | D:7      | Killed Maggie
  6080 | D:7      | Reached skill level 1 in Shields
  6111 | D:7      | Reached skill level 9 in Short Blades
  6148 | D:7      | Found Loula's Antique Weapon Shoppe.
  6684 | D:7      | Remembered your ancestor Zorana as a hexer
  6783 | D:7      | Bought a pitted short sword for 200 gold pieces
  6783 | D:7      | Identified the +6 short sword "Fenell" {drain, rPois rF-
                  | rCorr Stlth-} (You bought it in a shop on level 7 of the
                  | Dungeon)
  6968 | D:8      | Reached skill level 10 in Stealth
  7066 | D:8      | Reached skill level 10 in Short Blades
  7066 | D:8      | Reached skill level 1 in Invocations
  7103 | D:8      | Identified the ring of Qoih {Dex+4 SInv Stlth+}
  7243 | D:8      | Reached *** piety under Hepliaklqana
  7259 | D:8      | Reached XP level 10. HP: 63/63 MP: 16/16
  7408 | D:8      | Noticed Psyche
  7414 | D:8      | Killed Psyche
  7471 | D:8      | Noticed a gargoyle
  7476 | D:8      | Killed a gargoyle
  7556 | D:8      | Noticed a tengu warrior
  7574 | D:8      | Killed a tengu warrior
  7575 | D:8      | Reached skill level 11 in Short Blades
  7918 | D:7      | Bought a bloodstained spear for 200 gold pieces
  7918 | D:7      | Identified the +8 spear of Dofut {vorpal, Str+6 Int+3} (You
                  | bought it in a shop on level 7 of the Dungeon)
  8082 | D:9      | Reached skill level 5 in Invocations
  8418 | D:9      | Reached skill level 12 in Short Blades
  8529 | D:9      | Noticed Pikel
  8538 | D:9      | Killed Pikel
  8571 | D:9      | Found a staircase to the Lair.
  8579 | D:9      | Gained mutation: Your demonic aura sometimes causes spilled
                  | blood to erupt in flames. [demonic ancestry]
  8579 | D:9      | Reached XP level 11. HP: 70/70 MP: 17/17
  8645 | D:9      | Reached skill level 5 in Fighting
  8993 | D:9      | Noticed an ogre mage
  8995 | D:9      | Killed an ogre mage
  8996 | D:9      | Reached skill level 13 in Short Blades
  9115 | D:10     | Entered Level 10 of the Dungeon
  9115 | D:10     | Noticed a two-headed ogre
  9269 | D:10     | Reached skill level 5 in Dodging
  9329 | D:10     | Identified the +4 shortbow of Instinct {vorpal, +Blink
                  | rPois rF- Stlth+}
  9462 | D:10     | Noticed a two-headed ogre
  9472 | D:10     | Noticed a two-headed ogre
  9506 | D:10     | Killed a two-headed ogre
  9536 | D:10     | Killed a two-headed ogre
  9537 | D:10     | Reached skill level 5 in Spellcasting
  9546 | D:10     | Killed by an exploding gargoyle... ignited by their inner
                  | flame

Illustrated notes

Levels and vault maps discovered:
D:1:      scummos_arrival_gate, layout_basic,
          shapermc_ecumenical_altar_mp_highgroup, minmay_misc_feat_chi
D:2:      layout_loops_cross, uniq_robin
D:3:      layout_rooms
D:4:      layout_cave_pools, kiku_gazebo_pond_becter, gammafunk_ghost_mausoleum
D:5:      layout_layer_cave, nicolae_overflow_crystal_walls,
          minmay_temple_entry_statues_pillars, dk_noncrumbling_2, uniq_duvessa
D:6:      layout_loops_ring, beargit_hepliaklqana_dungeon_heroes,
          mainiacjoe_overflow_small_starburst, kennysheep_nondescript,
          uniq_eustachio
D:7:      layout_basic, serial_shops, nicolae_shop_waterfront,
          wad_floor_pattern_2, corexii_leaking_fountain,
          kennysheep_decorative_pillar, uniq_maggie
D:8:      layout_loops_ring, wad_mini_maze, uniq_psyche
D:9:      layout_loops_ring, mainiacjoe_overflow_24_doors, lair_entry_dummy,
          kennysheep_just_a_vault, uniq_pikel
D:10:     layout_rooms, serial_shops, shop, hangedman_decor_clover_reticule,
          minmay_joined_circles
Temple:   hellmonk_temple_divided_pantheon

Skill      XL: |  1  2  3  4  5  6  7  8  9 10 11 |
---------------+----------------------------------+-----
Stealth        | 2 3 4 5 6 8 10 11 | 11.8
Short Blades   | 3 4 5 6 8 10 12 13 | 13.5
Dodging        | 3 4 5 |  5.0
Throwing       | 1 |  1.0
Spellcasting   | 1 2 3 4 5 |  5.0
Evocations     | 1 2 |  2.0
Armour         | 1 |  1.0
Fighting       | 4 5 |  5.1
Shields        | 1 2 |  2.0
Invocations    | 1 5 |  5.0

Action                   |  1- 3 |  4- 6 |  7- 9 | 10-12 || total
-------------------------+-------+-------+-------+-------++-------
Melee: Short sword       |   118 |       |    23 |   216 ||   357
       Dagger            |    51 |   152 |   346 |    72 ||   621
       Punch             |     1 |       |     4 |       ||     5
       Headbutt          |       |     8 |    74 |    81 ||   163
Throw: Dart              |     3 |     4 |     5 |     2 ||    14
Invok: Ancestor Life: He |       |       |     1 |       ||     1
Evoke: Wand              |       |       |     7 |     6 ||    13
  Use: Scroll            |    10 |     5 |     7 |     4 ||    26
       Potion            |       |       |     6 |     1 ||     7
 Stab: Sleeping          |     5 |     4 |    11 |     4 ||    24
       Distracted        |       |     2 |       |     9 ||    11
       Confused          |       |       |     2 |     7 ||     9
Armor: Scale mail        |    60 |       |       |       ||    60
       Robe              |    10 |    57 |    22 |       ||    89
       Leather armour    |       |       |    48 |       ||    48
       Steam dragon scal |       |       |    33 |    81 ||   114
Dodge: Dodged            |    74 |    49 |   154 |    70 ||   347
Block: Kite shield       |       |       |    31 |       ||    31
       Tower shield      |       |       |     2 |   179 ||   181

Table legend: (Time is in decaauts)
 A = Elapsed time spent in this place.
 B = Non-inter-level travel time spent in this place.
 C = Inter-level travel time spent in this place.
 D = Time resting spent in this place.
 E = Time spent auto-exploring this place.
 F = Levels seen in this place.
 G = Mean time per level.
                   A        B        C        D        E       F      G
               +--------+--------+--------+--------+--------+-----+--------+
         Total |   9361 |   8279 |   1082 |    573 |   4758 |  11 |  851.0 |
       Dungeon |   9322 |   8240 |   1082 |    573 |   4758 |  10 |  932.2 |
        Temple |     39 |     39 |      0 |      0 |      0 |   1 |   39.0 |
               +--------+--------+--------+--------+--------+-----+--------+

Top non-repeatable levels by time:
     D:1: 1374 daAuts
     D:5: 1256 daAuts
     D:9: 1104 daAuts
     D:8: 1099 daAuts
     D:6: 1063 daAuts
     D:7: 988 daAuts
     D:2: 889 daAuts
     D:4: 634 daAuts
     D:3: 549 daAuts
    D:10: 363 daAuts
  Temple: 39 daAuts
